 Dungeon Crawl Stone Soup version 0.18.1-5-g4a78601 (webtiles) character file.

87 manyhoops the Chopper (level 4, 0/34 HPs)
             Began as a Mummy Gladiator on May 12, 2016.
             Killed from afar by Natasha (3 damage)
             ... with a magic dart
             ... on level 2 of the Dungeon.
             The game lasted 00:02:25 (1429 turns).

manyhoops the Chopper (Mummy Gladiator)             Turns: 1429, Time: 00:02:25

Health: 0/34       AC:  9    Str: 19    XL:     4   Next: 28%
Magic:  4/4        EV: 11    Int:  7    God:
Gold:   158        SH:  0    Dex: 12    Spells: 0 memorised, 3 levels left

rFire  x . .     SeeInvis .     a - +0 war axe
rCold  + . .     Gourm    .     k - +0 ring mail (curse)
rNeg   + + +     Faith    .     (no shield)
rPois  ∞         Spirit   .     c - +0 helmet
rElec  .         Dismiss  .     h - +2 cloak
rCorr  .         Reflect  .     (no gloves)
SustAt .         Harm     .     (no boots)
MR     .....                    (no amulet)
Stlth  +.........               (no ring)
                                (no ring)

@: not resistant to hostile enchantments, very unstealthy
A: no food or potions, fire vulnerability, cold resistance 1, negative energy
resistance 3, torment resistance, unbreathing
a: no special abilities


You were on level 2 of the Dungeon.
You were not hungry.

You visited 1 branch of the dungeon, and saw 2 of its levels.

You collected 158 gold pieces.

Inventory:

Hand Weapons
 a - a +0 war axe (weapon)
Missiles
 d - 3 throwing nets (quivered)
Armour
 b - a +0 leather armour
 c - a +0 helmet (worn)
 h - a +2 cloak (worn)
 i - a +0 chain mail
 k - a cursed +0 ring mail (worn)
 l - a +0 pair of gloves
Scrolls
 e - a scroll of fog {unknown}
 f - a scroll of noise {unknown}
 g - 3 scrolls of identify
 j - a scroll of amnesia {unknown}


   Skills:
 + Level 2.9 Fighting
 + Level 3.5 Axes
 - Level 1.5 Throwing
 + Level 1.0 Armour
 - Level 2.4 Dodging


You had 3 spell levels left.
You didn't know any spells.

Dungeon Overview and Level Annotations

Branches:
Dungeon (2/15)

Altars:
Nemelex Xobeh

Annotations:
D:2 Natasha


Innate Abilities, Weirdness & Mutations

You do not eat or drink.
Your flesh is vulnerable to fire.
You are immune to poison.
Your flesh is cold resistant.
You are immune to negative energy.
You are immune to unholy pain and torment.
You can survive without breathing.


Message History

You barely miss Natasha. You hit the kobold but do no damage.
The kobold hits you with a whip.
* * * LOW HITPOINT WARNING * * *
Natasha casts a spell at you. You resist with some effort.
The kobold hits you with a whip.
* * * LOW HITPOINT WARNING * * *
Unknown command.
You are too injured to fight recklessly!
You are too injured to fight recklessly!
Unknown command.
You are too injured to fight recklessly!
Unknown command.
You are too injured to fight recklessly!
You barely miss Natasha. Natasha closely misses you.
You slash Natasha!
Natasha is heavily wounded.
You closely miss the giant gecko. Natasha casts a spell at you.
The magic dart hits you!
You die...

.......!.............K.
...........
.........(...
...#......#
#...........#
#÷)........##..........#
.......##..............#
....÷### .$.........#
<...## #....l....#
..#..## #.l##.....#
.###..# ##.@hK..?.# .#
##.# #.##.....# .# #.##
#.# .....# .# #..# ##.#
.....# ## ##.#### ##..#
.....# # #....###..##
###### # ####.##..## #
#..#.## # ##...#


You could see Natasha, a giant gecko and a kobold.

Vanquished Creatures
  4 adders (D:2)
  2 worms (D:2)
  2 dart slugs (D:1)
  A giant gecko (D:1)
  6 bats
  A giant cockroach (D:1)
  7 goblins
  4 hobgoblins
  4 giant newts
  5 kobolds
  6 rats
42 creatures vanquished.

Notes
Turn   | Place    | Note
--------------------------------------------------------------
     0 | D:1      | manyhoops the Mummy Gladiator began the quest for the Orb.
     0 | D:1      | Reached XP level 1. HP: 16/16 MP: 1/1
   424 | D:1      | Reached XP level 2. HP: 21/22 MP: 2/2
   472 | D:1      | Reached skill level 3 in Axes
   857 | D:1      | Reached XP level 3. HP: 28/28 MP: 3/3
  1081 | D:2      | Reached XP level 4. HP: 34/34 MP: 4/4
  1122 | D:2      | Reached skill level 1 in Armour
  1302 | D:2      | Found a sparkling altar of Nemelex Xobeh.
  1414 | D:2      | Noticed Natasha
  1429 | D:2      | Killed from afar by Natasha

Skill      XL: |  1  2  3  4 |
---------------+-------------+-----
Axes           | 3 |  3.5
Armour         | 1 |  1.0
Fighting       | |  2.9
Throwing       | |  1.5
Dodging        | |  2.4

Action                   |  1- 3 |  4- 6 || total
-------------------------+-------+-------++-------
Melee: War axe           |   100 |    34 ||   134
  Use: Scroll            |       |     2 ||     2
Armor: Leather armour    |    26 |       ||    26
       Chain mail        |    47 |     4 ||    51
       Ring mail         |       |     3 ||     3
Dodge: Dodged            |    68 |    12 ||    80
